 Dungeon Crawl Stone Soup version 0.23.2-1-ga50397a (webtiles) character file.

Game seed: 16601697013593407112

115 diana the Slasher (level 4, -4/34 HPs)
             Began as a Demonspawn Gladiator on Apr 24, 2019.
             Killed by divine providence
             ... invoked by an orc priest
              (13 damage)
             ... on level 3 of the Dungeon.
             The game lasted 00:04:43 (2807 turns).

diana the Slasher (Demonspawn Gladiator)            Turns: 2807, Time: 00:04:44

Health: -4/34      AC:  3    Str: 15    XL:     4   Next: 68%
Magic:  4/4        EV: 13    Int: 10    God:
Gold:   148        SH:  0    Dex: 16    Spells: 3/3 levels left

rFire    . . .     SeeInvis .   a - +0 long sword
rCold    . . .     Gourm    .   (no shield)
rNeg     . . .     Faith    .   b - +0 leather armour
rPois    .         Spirit   .   (helmet restricted)
rElec    .         Reflect  .   (no cloak)
rCorr    .         Harm     .   (no gloves)
MR       .....                  (no boots)
Stlth    ++........             (no amulet)
HPRegen  0.11/turn              (no ring)
MPRegen  0.09/turn              (no ring)

@: no status effects
A: horns 1, thin skeletal structure 1, demonic guardian 1
a: no special abilities


You were on level 3 of the Dungeon.
You were very hungry.

You visited 1 branch of the dungeon, and saw 3 of its levels.

You collected 148 gold pieces.

Inventory:

Hand Weapons
 a - a +0 long sword (weapon)
Missiles
 d - 3 throwing nets (quivered)
 h - 8 curare-tipped needles
Armour
 b - a +0 leather armour (worn)
 c - a +0 helmet
Scrolls
 e - 2 scrolls of identify {unknown}
 i - 2 scrolls of teleportation {unknown}
 j - a scroll of enchant armour {unknown}
 k - a scroll of enchant weapon {unknown}
 l - a scroll of amnesia {unknown}
Potions
 g - a potion of flight {unknown}
 m - a potion of might {unknown}
 n - 2 potions of lignification {unknown}
 o - a potion of invisibility {unknown}
 p - a potion of resistance {unknown}
Comestibles
 f - 6 rations


   Skills:
 + Level 2.8 Fighting
 * Level 3.8 Long Blades
 - Level 1.7 Throwing
 + Level 1.5 Armour
 + Level 3.2 Dodging


You had 3 spell levels left.
You didn't know any spells.
Your spell library was empty.

Dungeon Overview and Level Annotations

Branches:
Dungeon (3/15)

Altars:
Xom

Annotations:
D:3 Natasha


Innate Abilities, Weirdness & Mutations

You have a pair of small horns on your head.
You have a somewhat thin skeletal structure. (Dex +2, Stealth)
A weak demonic guardian rushes to your aid.


Message History

An orc is nearby!
An orc priest comes into view.
It is wielding a +0 mace. 2 orc wizards come into view.
An orc wizard is wielding a +0 dagger of venom.
The orc priest shouts!
The orc wizard shouts!
Found a bubbling purple potion.
The orc shouts!
The orc wizard shouts!
The orc wizard points at you and mumbles some strange words.
The puff of frost hits you.
The orc priest calls down the wrath of Beogh upon you.
Beogh smites you!
The orc wizard gestures wildly while chanting.
The orc wizard flickers and vanishes!
Deactivating autopickup; reactivate with Ctrl-A.
The orc priest invokes the aid of Beogh against you.
Beogh smites you!
* * * LOW HITPOINT WARNING * * *
The orc priest invokes the aid of Beogh against you.
Beogh smites you!
You die...

#.# ...# #..<............
..###..## # #......#.o......
........ . .........+.oo.....
#...#..#.###.######.#....o...
.#.#.#.#.#.#.#.#.#.#.#+#+####
#.#.#.#.#.#.#.#.#.#5#.#.##
.#.#.#.#.#.#.#.....#.#.#.#
#.#.#.#.#.#.#.#....+#.#.## .#
.#.#.#.#.#.#.#..@..#.#.#.### .###
#.#.#.#.#.#.#.#.....#.#....##....
.#.#.#.#.#.#.#.#.#.#.#.#...#.....
#.#.#.#.#.#.#.#.#.#.#.#+...#.....
.#.#.#.#.#.#.#.#.#.#.#.#.).#...##
#.#.#.#.#.#.#.#.#.#.#.#..........
.#.#.#.#.#.#.#.#.#.#.#.#.........
#.#.#.#.#.#)#.#.#.#.#.#..........
.#.#.#.#.#.#.#.#.#.#.#.#.#.......


You could see an orc priest, an orc wizard, an orc and a friendly ufetubus.

Vanquished Creatures
  Robin (D:2)
  4 adders (D:2)
  An ooze (D:3)
  A dart slug (D:2)
  3 worms
  A leopard gecko (D:1)
  3 giant cockroaches
  14 goblins
  5 hobgoblins
  5 kobolds
  4 bats
  5 frilled lizards
  5 rats
52 creatures vanquished.

Vanquished Creatures (collateral kills)
  A goblin (D:2)
  A bat (D:2)
2 creatures vanquished.

Grand Total: 54 creatures vanquished

Notes
Turn   | Place    | Note
-------+----------+-------------------------------------------
     0 | D:1      | diana the Demonspawn Gladiator began the quest for the Orb.
     0 | D:1      | Reached XP level 1. HP: 16/16 MP: 1/1
   537 | D:1      | Gained mutation: A weak demonic guardian rushes to your
                  | aid. [demonic ancestry]
   537 | D:1      | Reached XP level 2. HP: 20/22 MP: 2/2
   850 | D:2      | Noticed Robin
   864 | D:2      | Gained mutation: You have a somewhat thin skeletal
                  | structure. (Dex +2, Stealth) [demonic ancestry]
   864 | D:2      | Reached XP level 3. HP: 12/28 MP: 3/3
  1303 | D:2      | Reached skill level 1 in Armour
  1563 | D:2      | Killed Robin
  1814 | D:2      | Found a shimmering altar of Xom.
  1843 | D:2      | Gained mutation: You have a pair of small horns on your
                  | head. [demonic ancestry]
  1843 | D:2      | Reached XP level 4. HP: 16/34 MP: 4/4
  2652 | D:3      | Noticed Natasha
  2807 | D:3      | Killed from afar by an orc priest

Skill      XL: |  1  2  3 |
---------------+----------+-----
Long Blades    | 3 |  3.8
Dodging        | 3 |  3.2
Armour         | 1 |  1.5
Fighting       | |  2.8
Throwing       | |  1.7

Action                   |  1- 3 |  4- 6 || total
-------------------------+-------+-------++-------
Melee: Long sword        |   104 |    34 ||   138
       Headbutt          |       |     4 ||     4
  Use: Potion            |     1 |       ||     1
 Stab: Sleeping          |     1 |     2 ||     3
  Eat: Chunk             |     3 |     2 ||     5
Armor: Leather armour    |    46 |     2 ||    48
Dodge: Dodged            |   104 |    20 ||   124
       Rpst.: Long sword |    36 |     7 ||    43
